 Dungeon Crawl Stone Soup version 0.21-a0-153-g78480df (webtiles) character file.

1710 Memingway the Ruffian (level 8, 0/121 HPs)
             Began as a Troll Fighter on Aug 2, 2017.
             Was a Believer of the Shining One.
             Slain by a killer bee (1 damage)
             ... on level 6 of the Dungeon.
             The game lasted 00:25:32 (3575 turns).

Memingway the Ruffian (Troll Fighter)               Turns: 3575, Time: 00:25:38

Health: 0/121      AC: 24    Str: 22 (25) XL:     8   Next: 74%
Magic:  5/7        EV:  1    Int:  3 (4)  God:    the Shining One [**....]
Gold:   510        SH: 16    Dex:  9 (11) Spells: 7/7 levels left

rFire    . . .     SeeInvis .     - Unarmed
rCold    . . .     Gourm    +   b - +0 shield
rNeg     + + +     Faith    .   (armour currently unavailable)
rPois    +         Spirit   .   (helmet currently unavailable)
rElec    .         Reflect  .   (cloak currently unavailable)
rCorr    .         Harm     .   (gloves unavailable)
MR       .....     NoTele   +   (boots unavailable)
Stlth    +.........             (no amulet)
HPRegen  0.70/turn              B - ring of stealth
MPRegen  0.10/turn              (no ring)

@: lethally poisoned (0 -> -3), divine shield, tree-form, glowing
A: unfitting armour, fast metabolism 3, gourmand, regeneration 1
a: Divine Shield, Renounce Religion


You were on level 6 of the Dungeon.
You worshipped the Shining One.
The Shining One was pleased with you.
You were completely stuffed.
You were a tree.
You visited 2 branches of the dungeon, and saw 8 of its levels.
You also visited: Ossuary.

You collected 510 gold pieces.

Inventory:

Hand Weapons
 a - a +0 giant spiked club
Missiles
 g - 7 tomahawks (quivered)
 j - 9 poisoned needles
Armour
 b - a +0 shield (worn)
 C - a +0 robe (melded)
 D - a +0 robe
Jewellery
 B - a ring of stealth (left branch)
Wands
 w - a wand of paralysis (4/24)
 x - a wand of iceblast (9/15)
 A - a wand of acid (2/15)
Scrolls
 e - 7 scrolls of identify {unknown}
 f - 2 scrolls of remove curse {unknown}
 h - 3 scrolls of immolation {unknown}
 k - 2 scrolls of noise {unknown}
 m - a scroll of recharging {unknown}
 u - a scroll of fog {unknown}
 z - a scroll of enchant weapon {unknown}
Potions
 c - 2 potions of might
 i - a potion of ambrosia {unknown}
 l - 4 potions of lignification
 n - 2 potions of mutation {unknown}
 o - 2 potions of curing {unknown}
 q - a potion of cancellation {unknown}
 r - 2 potions of haste {unknown}
 s - 2 potions of degeneration
 t - 2 potions of agility {unknown}
 v - a potion of heal wounds {unknown}
Books
 y - a book of Cantrips

   Spells                             Type                      Level
   a - Confusing Touch                Hexes                        1
   b - Animate Skeleton               Necromancy                   1
   c - Summon Small Mammal            Summoning                    1
   d - Apportation                    Translocation                1
Comestibles
 d - 4 bread rations
 p - 2 meat rations
 E - a royal jelly
 F - 3 chunks of flesh


   Skills:
 + Level 5.6 Fighting
 - Level 2.4 Dodging
 - Level 6.0 Shields
 + Level 7.0 Unarmed Combat


You had 7 spell levels left.
You didn't know any spells.

Dungeon Overview and Level Annotations

Branches:
Dungeon (7/15)             Temple (1/1) D:4

Altars:
Ashenzari
Cheibriados
Fedhas
Gozag
Hepliaklqana
Kikubaaqudgha
Makhleb
Ru
Sif Muna
Trog
Uskayaw
Wu Jian
Xom
Yredelemnul
Zin
The Shining One

Shops:
D:5 (


Innate Abilities, Weirdness & Mutations

You are too large for most types of armour.
((You have claws for hands.))
Your metabolism is lightning-fast.
You like to eat raw meat.
Your natural rate of healing is unusually fast.
((You are covered in fur. (AC +1)))
((You have very tough skin. (AC +2)))


Message History

You are more poisoned.
The killer bee poisons you!
You feel sick. You block the killer bee's attack. The killer bee stings you.
* * * LOW HITPOINT WARNING * * *
You see here a killer bee corpse.
It was a potion of degeneration.
There was something very wrong with that liquid.
You feel weakened.
You feel dopey.
You feel clumsy.
* * * LOW HITPOINT WARNING * * *
You feel sick. You block the killer bee's attack. x2
The killer bee stings you.
* * * LOW HITPOINT WARNING * * *
You block the killer bee's attack.
It was a potion of lignification.
You turn into a tree.
Your +0 robe melds into your body.
Your roots penetrate the ground.
* * * LOW HITPOINT WARNING * * *
You feel sick. You block the killer bee's attack. x2
The killer bee stings you but does no damage.
The killer bee stings you.
You die...

........# #.....# #.#....# .....#
.#### #.....####......#
.....##....#########............#
##.....# #.......####..###..#####
#####.####.............##.##
#>..........#...<...#.###
#####.......#.####......#
#.........## ##.....#
#......♣#..# #.....##### #
#.....yy##.###.##..###.. #
#...<...##.#.).......#.. ##
#)............##...#.... .##
###.....#..##..##...##... ..#
###......#.......##...###..
#.#####.....................###..
#.......................#...##...
............................#....


You could see 2 killer bees.

Vanquished Creatures
  An ice beast (D:6)
  3 ogres
  3 centaurs
  2 bullfrogs
  A killer bee (D:6)
  A howler monkey (D:4)
  A bullfrog zombie (D:5)
  A bullfrog skeleton (D:6)
  5 orc priests
  4 hounds
  5 orc wizards (D:6)
  A gnoll shaman (D:5)
  4 worker ants
  A hound zombie (D:7)
  9 mummies
  A worker ant zombie (D:5)
  4 gnolls (D:5)
  7 adders
  2 adder zombies
  3 adder skeletons
  A worm (D:2)
  2 dart slugs
  3 leopard geckos
  10 orcs
  3 giant cockroaches
  2 gnoll zombies (Ossuary)
  7 goblins
  4 hobgoblins (D:2)
  3 jackals (D:6)
  A quokka (D:5)
  A ball python (D:1)
  3 bats
  2 frilled lizards (D:2)
  A giant cockroach zombie (D:6)
  3 hobgoblin zombies (Ossuary)
  3 kobolds (D:2)
  A leopard gecko skeleton (D:5)
  3 orc zombies (Ossuary)
  3 rats (D:1)
115 creatures vanquished.

Vanquished Creatures (others)
  2 orc wizards (D:6)
2 creatures vanquished.

Grand Total: 117 creatures vanquished

Notes
Turn   | Place    | Note
-------+----------+-------------------------------------------
     0 | D:1      | Memingway the Troll Fighter began the quest for the Orb.
     0 | D:1      | Reached XP level 1. HP: 22/22 MP: 0/0
   140 | D:1      | Reached XP level 2. HP: 29/29 MP: 1/1
   598 | D:2      | Reached XP level 3. HP: 36/36 MP: 2/2
  1009 | D:3      | Found a glowing silver altar of Zin.
  1016 | D:3      | Found a shattered altar of Ashenzari.
  1061 | D:4      | Reached XP level 4. HP: 41/45 MP: 3/3
  1132 | D:4      | Reached XP level 5. HP: 46/53 MP: 4/4
  1154 | D:4      | Reached skill level 3 in Unarmed Combat
  1300 | D:3      | Reached skill level 4 in Unarmed Combat
  1308 | D:4      | Reached XP level 6. HP: 59/61 MP: 5/5
  1438 | D:4      | Found a staircase to the Ecumenical Temple.
  1452 | Temple   | Entered the Ecumenical Temple
  1541 | Temple   | Became a worshipper of the Shining One
  1578 | D:4      | Found a sand-covered staircase.
  1584 | Ossuary  | Entered an ossuary
  1624 | Ossuary  | Reached * piety under the Shining One
  1629 | Ossuary  | Reached skill level 5 in Unarmed Combat
  1852 | D:5      | Entered Level 5 of the Dungeon
  1936 | D:4      | Reached XP level 7. HP: 53/70 MP: 6/6
  2185 | D:5      | Found Popev's Weapon Boutique.
  2431 | D:5      | Reached skill level 6 in Unarmed Combat
  2601 | D:5      | Found a basalt altar of Yredelemnul.
  2725 | D:5      | Reached ** piety under the Shining One
  2726 | D:5      | Reached skill level 5 in Shields
  2735 | D:5      | Reached XP level 8. HP: 75/79 MP: 7/7
  3205 | D:6      | Found a deep blue altar of Sif Muna.
  3391 | D:6      | Reached skill level 5 in Fighting
  3551 | D:7      | Reached skill level 7 in Unarmed Combat
  3574 | D:6      | HP: 1/81 [killer bee (5)]
  3575 | D:6      | Slain by a killer bee

Vault maps used:
D:1:      mainiacjoe_arrival_reflecting_pool
D:2:      first_bread
D:3:      nicolae_overflow_crystal_walls, gammafunk_temple_overflow_forgotten,
          lemuel_round_altar, tgw_xom, uniq_grinder
D:4:      minmay_temple_entry_statues_fountains, gup_ossuary_entry_pyramid
D:5:      basic_altar, serial_shops, nicolae_shop_window_shopping,
          cheibrodos_gnoll_hut
D:6:      led_sif_book
D:7:      grunt_dithmenos_shadows, serial_shops, kennysheep_mini_moat
Temple:   regret_index_temple_sphere_string
Ossuary:  ossuary_tomb_3

Skill      XL: |  1  2  3  4  5  6  7  8 |
---------------+-------------------------+-----
Shields        | 3 4 5 6 |  6.0
Fighting       | 3 4 5 |  5.6
Unarmed Combat | 4 5 6 7 |  7.0
Dodging        | |  2.4

Action                   |  1- 3 |  4- 6 |  7- 9 || total
-------------------------+-------+-------+-------++-------
Melee: Unarmed           |   102 |   117 |   127 ||   346
Throw: Tomahawk          |     2 |       |       ||     2
Invok: Divine Shield     |       |       |     1 ||     1
  Use: Potion            |       |       |     2 ||     2
 Stab: Sleeping          |     1 |       |       ||     1
  Eat: Chunk             |    15 |     4 |    18 ||    37
       Royal jelly       |       |     1 |       ||     1
Armor: Robe              |    27 |    23 |    24 ||    74
       Skin              |       |       |     1 ||     1
Dodge: Dodged            |    20 |    30 |    43 ||    93
Block: Shield            |    45 |    41 |    68 ||   154
